 Dungeon Crawl Stone Soup version 0.26-a0-412-ga3d1f51b80 (webtiles) character file.

Game seed: 11097275983234637396

61767 ReteAZ the Frost Mage (level 15, 0/110 HPs)
             Began as a Merfolk Ice Elementalist on July 24, 2020.
             Was a High Priest of Vehumet.
             Slain by a spectral black mamba (7 damage)
             ... in a Gauntlet.
             The game lasted 01:19:44 (29450 turns).

ReteAZ the Frost Mage (Merfolk Ice Elementalist)   Turns: 29450, Time: 01:19:45

Health: 0/110      AC:  7    Str: 18    XL:     15   Next: 4%
Magic:  30/33      EV: 21    Int: 20    God:    Vehumet [*****.]
Gold:   734        SH: 18    Dex: 21    Spells: 4/26 levels left

rFire    . . .     SeeInvis .   u - +5 demon blade (freeze)
rCold    . . .     Faith    .   q - +0 kite shield
rNeg     . . .     Spirit   .   b - +1 troll leather armour
rPois    .         Reflect  +   (no helmet)
rElec    .         Harm     .   I - +0 cloak
rCorr    .         NoTele   +   Z - +0 pair of gloves
MR       ++...                  (no boots)
Stlth    ++........             w - amulet of reflection
HPRegen  0.68/turn              j - +6 ring of dexterity
MPRegen  0.23/turn              D - ring "Xitaf" {+Fly MR+ MP+9 Str+9}

@: slowed, very slow
A: change form in water, swift swim, stealthy swim
a: Renounce Religion, Evoke Flight


You were in a Gauntlet.
You worshipped Vehumet.
Vehumet was extremely pleased with you.
You visited 3 branches of the dungeon, and saw 22 of its levels.
You also visited: Sewer, Gauntlet and Volcano.

You collected 1480 gold pieces.
You spent 746 gold pieces at shops.

Inventory:

Hand Weapons
 p - the +8 whip of Oily Optimality {vorpal, Str+2 Int+4}
   (You found it on level 11 of the Dungeon)

   It inflicts extra damage upon your enemies.
   It affects your strength (+2).
   It affects your intelligence (+4).
 r - the +7 mace "Jinij" {flame, rPois rC- Stlth+}
   (You took it off an orc on level 4 of the Dungeon)

   It has been specially enchanted to burn those struck by it, causing extra
   injury to most foes and up to half again as much damage against particularly
   susceptible opponents.
   It makes you vulnerable to cold.
   It protects you from poison.
   It makes you more stealthy.
 u - a +5 demon blade of freezing (weapon)
Missiles
 k - 66 poisoned darts (quivered)
 t - 23 boomerangs
Armour
 b - a +1 troll leather armour (worn)
 q - a +0 kite shield (worn)
 I - a +0 cloak (worn)
 R - a +0 robe of fire resistance
 U - a +0 buckler
 Z - a +0 pair of gloves (worn)
Jewellery
 j - a +6 ring of dexterity (left hand)
 w - an amulet of reflection (around neck)
 D - the ring "Xitaf" (right hand) {+Fly MR+ MP+9 Str+9}
   (You bought it in a shop on level 10 of the Dungeon)

   [ring of flight]

   It affects your strength (+9).
   It affects your resistance to hostile enchantments.
   It affects your magic capacity (+9).
   It lets you fly.
 H - an uncursed ring of poison resistance
 O - an uncursed ring of positive energy
 P - an uncursed ring of see invisible
 T - an uncursed amulet of magic regeneration {unknown}
 V - an uncursed ring of fire
Wands
 d - a wand of acid (4)
 n - a wand of digging (2)
 x - a wand of iceblast (45)
 A - a wand of random effects (42)
 G - a wand of flame (80)
 K - a wand of enslavement (16)
 N - a wand of disintegration (23)
 W - a wand of polymorph (24)
 X - a wand of paralysis (15)
Scrolls
 a - 6 scrolls of identify
 e - 4 scrolls of teleportation
 l - 7 scrolls of fear
 y - 10 scrolls of remove curse
 z - 2 scrolls of blinking
 C - a scroll of fog
 F - 2 scrolls of enchant weapon
 M - a scroll of magic mapping
 S - a scroll of vulnerability {unknown}
Potions
 c - 2 potions of haste
 f - 13 potions of curing
 g - 3 potions of ambrosia
 h - 3 potions of berserk rage
 i - 2 potions of mutation
 m - 4 potions of brilliance
 o - 2 potions of lignification
 v - 2 potions of resistance {unknown}
 B - 2 potions of magic
 E - 6 potions of stabbing
 J - 4 potions of cancellation
 Q - a potion of flight {unknown}


   Skills:
 - Level 8.0 Fighting
 - Level 11.0 Dodging
 - Level 2.1 Stealth
 - Level 12.0 Shields
 - Level 6.0 Spellcasting
 + Level 9.8 Conjurations
 + Level 7.9 Summonings
 - Level 14.0 Ice Magic
 - Level 6.0 Evocations


You had 4 spell levels left.
You knew the following spells:

 Your Spells              Type           Power        Failure   Level
a - Freeze                Ice            ####         1%          1
b - Ozocubu's Armour      Ice            ######..     1%          3
c - Frozen Ramparts       Ice            ######       1%          3
d - Summon Ice Beast      Ice/Summ       #####...     1%          4
e - Hailstorm             Conj/Ice       ######..     1%          4
f - Spellforged Servitor  Conj/Summ      #####.....   67%         7

Your spell library contained the following spells:

 Spells                   Type           Power        Failure   Level
 Lightning Bolt           Conj/Air       ####......   17%         5
 Foxfire                  Conj/Fire      ####         1%          1
 Summon Small Mammal      Summ           ####         1%          1
 Conjure Flame            Conj/Fire      ####....     2%          3
 Dazzling Flash           Conj/Hex       ####..       2%          3
 Sticky Flame             Conj/Fire      ####....     7%          4
 Summon Guardian Golem    Hex/Summ       ###.....     11%         3
 Ice Form                 Ice/Tmut       ####....     11%         4
 Inner Flame              Hex/Fire       #.......     16%         3
 Animate Skeleton         Necr           #.....       19%         1
 Apportation              Tloc           #.....       19%         1
 Corona                   Hex            #......      19%         1
 Pain                     Necr           #...         19%         1
 Slow                     Hex            #.......     28%         2
 Portal Projectile        Hex/Tloc       #.....       50%         3
 Vampiric Draining        Necr           #.........   50%         3
 Animate Dead             Necr           #.........   88%         4
 Cause Fear               Hex            #.........   88%         4
 Leda's Liquefaction      Hex/Erth       #.........   88%         4
 Iskenderun's Battlesphe  Conj           #####...     2%          5
 Ozocubu's Refrigeration  Ice            ######....   2%          6
 Fireball                 Conj/Fire      ####......   17%         5
 Metabolic Englaciation   Hex/Ice        ####......   28%         5
 Freezing Cloud           Conj/Ice/Air   #####.....   28%         6
 Bolt of Magma            Conj/Fire/Erth ###.......   32%         5
 Orb of Destruction       Conj           #####.....   54%         7
 Iron Shot                Conj/Erth      ####......   65%         6
 Simulacrum               Ice/Necr       ####......   85%         6
 Agony                    Necr           #.......     99%         5
 Silence                  Hex/Air        #.........   99%         5


Dungeon Overview and Level Annotations

Branches:
Dungeon (15/15)            Temple (1/1) D:7            Lair (6/6) D:9
  Swamp (0/4) Lair:2        Snake (0/4) Lair:2        Slime (0/5) Lair:6
    Orc (0/2) D:11         Vaults (0/5) D:14         Depths (0/5) D:15
  Sewer (visited)         Volcano (visited)         Gauntlet (1/1)

Altars:
Ashenzari
Cheibriados
Dithmenos
Elyvilon
Fedhas
Gozag
Hepliaklqana
Kikubaaqudgha
Makhleb
Nemelex Xobeh
Okawaru
Qazlal
Ru
Sif Muna
Trog
Uskayaw
Vehumet
Wu Jian
Xom
Yredelemnul
Zin
The Shining One
Jiyva
Lugonu

Shops:
D:10 =

Annotations:
D:8 exclusion: 2 oklob plants
D:9 Prince Ribbit
D:12 2 runed translucent doors
Lair:6 3 runed translucent doors, Bacru's ghost, journeyman TrBe Gauntlet 11 transporters, exclusion: obsidian statue


Message History

You freeze the spectral black mamba.
The spectral black mamba is heavily damaged.
You closely miss the spectral black mamba.
The spectral black mamba is heavily damaged.
The death scarab bites you!!
* * * LOW HITPOINT WARNING * * *
The death scarab draws strength from your injuries!
The death scarab completely misses you.
You riposte.
You hit the death scarab. You freeze the death scarab.
The death scarab is moderately damaged.
You block the death scarab's attack.
You block the spectral black mamba's attack.
The spectral black mamba closely misses you.
The death scarab bites you!
* * * LOW HITPOINT WARNING * * *
The death scarab drains your vigour!
You feel as though you will be slow longer.
The death scarab draws strength from your injuries!
The spectral black mamba bites you!
You die...

.#.©.#........#...#........#.©.#.
.#.8.#...8....#.©.#....8...#.8.#.
.#.©.#.....###########.....#.©.#.
########...#...?©[?..#...########
p/#©#.}#...#.#.....#.#...#..[©?=.
.#.#.#.#...#..#####..#...#.s.8...
5#.#.#.#...#s.##.##..#...#8.8.8.8
..#©#.5#.8.#....sZ...#.8.##8.©.8#
.#.#.#5#...#..##@##..#...#8s8.8.8
.#.#.#5#...#..#####..#...#s..8...
..#.#.p#...#.#..Z..#.#...#y.8#8..
########...#.......Z.#...########
...©.......###########.......©...
...8.....8......©......8.....8...
.............∩..8..∩.............
≈#≈#≈#≈#≈#.............#≈#≈#≈#≈#≈
###########≈#≈#§#§#≈#§###########


You could see 2 spectral black mambas and 2 death scarabs.

Vanquished Creatures
  A sphinx (D:14)
  A dire elephant (Lair:6)
  An ogre mage (D:13)
  4 vault guards (D:14)
  A hydra (Lair:4)
  A merfolk avatar (Lair:6)
  2 centaur warriors (D:14)
  4 two-headed ogres
  A tengu warrior (D:14)
  4 unseen horrors
  A lindwurm (Lair:4)
  3 deep elf magi
  7 ugly things
  A wolf spider (shapeshifter) (D:14)
  A salamander (Volcano)
  3 manticores (D:14)
  2 cyclopes (D:14)
  5 centaur zombies
  3 elephants (Lair:6)
  A torpor snail (Lair:5)
  Psyche (D:11)
  3 black mambas
  8 cane toads
  3 gargoyles
  A redback zombie (D:14)
  3 rime drakes (Lair:6)
  6 komodo dragons
  2 efreet (D:14)
  A kobold demonologist (D:14)
  A wind drake (Lair:6)
  2 hornets
  4 trolls
  A polar bear (Lair:6)
  4 hippogriffs
  A bog body (Lair:2)
  A slime creature (D:11)
  10 blink frogs
  A vampire (D:14)
  A wraith (D:14)
  6 wyverns
  34 yaks
  2 water elementals (D:14)
  A basilisk (Lair:2)
  A vampire mosquito (D:14)
  3 nagas (Lair:2)
  2 wargs (D:9)
  An acid dragon (D:14)
  2 soldier ants
  7 water moccasins
  8 porcupines
  2 eyes of draining
  4 ice beasts
  9 orc warriors
  A black bear (D:12)
  5 sky beasts
  2 necrophages
  3 phantoms
  2 wolves (Lair:4)
  A hornet zombie (D:13)
  21 ogres
  18 centaurs
  7 crocodiles
  7 big kobolds
  A wyvern zombie (D:14)
  9 bullfrogs
  3 wyvern skeletons
  2 scorpions
  14 killer bees
  13 wights
  2 electric eels (D:14)
  2 howler monkeys
  A bullfrog zombie (D:6)
  2 quasits
  3 jellies
  10 hounds
  A bullfrog skeleton (D:6)
  24 orc wizards
  10 orc priests
  7 centaur skeletons
  3 iguanas
  12 worker ants
  A hound zombie (D:11)
  3 hound skeletons
  A howler monkey zombie (D:7)
  A worker ant zombie (D:5)
  6 gnolls
  20 adders
  2 river rats (D:5)
  3 shadow imps
  4 white imps
  2 ufetubi
  2 adder skeletons
  5 worms
  2 dart slugs (D:4)
  5 leopard geckos
  73 orcs
  5 giant cockroaches
  11 goblins
  9 hobgoblins
  13 jackals
  46 kobolds
  7 quokkas
  5 ball pythons (Sewer)
  8 bats
  7 frilled lizards
  7 rats
  7 plants
624 creatures vanquished.

Vanquished Creatures (collateral kills)
  3 hydras
  A sea snake (Lair:6)
  A manticore (D:13)
  2 black mambas
  2 cane toads
  A komodo dragon (Lair:6)
  A wind drake (Lair:6)
  A hornet (Lair:6)
  3 blink frogs (Lair:5)
  A wyvern (Lair:6)
  2 yaks
  2 swamp worms (Lair:2)
  A naga (Lair:2)
  A soldier ant (D:14)
  3 water moccasins (Lair:4)
  An orc warrior (D:14)
  A wolf (Lair:4)
  3 crocodiles
  2 bullfrogs (Lair:4)
  An electric eel (Lair:2)
  A fungus (Lair:5)
34 creatures vanquished.

Vanquished Creatures (others)
  An ogre (D:4)
  2 hounds (D:4)
  2 orc wizards (D:4)
  3 worker ants (D:4)
  An adder (D:4)
  A dart slug (D:4)
  An orc (D:4)
  6 fungi
  40 plants
57 creatures vanquished.

Grand Total: 715 creatures vanquished

Notes
Turn   | Place    | Note
-------+----------+-------------------------------------------
     0 | D:1      | ReteAZ the Merfolk Ice Elementalist began the quest for the
                  | Orb.
     0 | D:1      | Reached XP level 1. HP: 13/13 MP: 3/3
   325 | D:1      | Reached XP level 2. HP: 19/19 MP: 3/5
   772 | D:1      | Reached skill level 5 in Ice Magic
  1137 | D:2      | Reached XP level 3. HP: 24/24 MP: 6/6
  1764 | D:2      | Found an iron altar of Okawaru.
  1889 | D:2      | Found a blossoming altar of Fedhas.
  1995 | D:2      | Learned a level 3 spell: Ozocubu's Armour
  2028 | D:2      | Found a glowing silver altar of Zin.
  2281 | D:3      | Reached XP level 4. HP: 30/30 MP: 1/8
  2547 | D:3      | Found an ornate altar of the Wu Jian Council.
  2665 | D:3      | Reached skill level 6 in Ice Magic
  2904 | D:3      | Reached XP level 5. HP: 26/35 MP: 6/9
  3341 | D:4      | Noticed an ogre
  3342 | D:4      | Noticed an orc warrior
  3413 | D:4      | Noticed an ogre
  3533 | D:4      | Killed an orc warrior
  3533 | D:4      | Reached XP level 6. HP: 31/41 MP: 2/11
  4095 | D:4      | Found a shimmering altar of Xom.
  4133 | D:4      | Identified the +7 mace "Jinij" {flame, rPois rC- Stlth+}
  4349 | D:4      | Reached skill level 7 in Ice Magic
  4656 | D:4      | Reached XP level 7. HP: 30/46 MP: 8/13
  4939 | D:4      | Reached skill level 8 in Ice Magic
  5452 | D:4      | Reached skill level 9 in Ice Magic
  5709 | D:5      | Entered Level 5 of the Dungeon
  5724 | D:5      | Learned a level 3 spell: Frozen Ramparts
  5780 | D:5      | Found a shattered altar of Ashenzari.
  5782 | D:5      | Found a burning altar of Makhleb.
  5806 | D:5      | Reached XP level 8. HP: 52/52 MP: 15/15
  5833 | D:5      | Reached skill level 5 in Spellcasting
  6393 | D:5      | Found a glowing drain.
  6400 | Sewer    | Entered a sewer
  7319 | D:5      | Found a basalt altar of Yredelemnul.
  7345 | D:5      | Reached skill level 10 in Ice Magic
  7524 | D:5      | Reached skill level 1 in Shields
  8308 | D:5      | Found a glowing golden altar of the Shining One.
  8384 | D:5      | Noticed an angel
  8574 | D:6      | Found Liohicei's Antique Weapon Shop.
  8622 | D:6      | Reached XP level 9. HP: 57/57 MP: 14/18
  8681 | D:6      | Reached skill level 5 in Shields
  8785 | D:6      | Found a hide-covered altar of Uskayaw.
  8889 | D:6      | Noticed a two-headed ogre
  8902 | D:6      | Killed a two-headed ogre
  9042 | D:6      | Found a shadowy altar of Dithmenos.
  9069 | D:6      | Found an opulent altar of Gozag.
  9756 | D:7      | Found a staircase to the Ecumenical Temple.
  9776 | Temple   | Entered the Ecumenical Temple
  9792 | Temple   | Became a worshipper of Vehumet
  9867 | D:7      | Found an iron altar of Okawaru.
  9876 | D:7      | Reached skill level 5 in Dodging
 10077 | D:7      | Reached XP level 10. HP: 50/63 MP: 19/19
 11117 | D:8      | Reached * piety under Vehumet
 11117 | D:8      | Offered knowledge of Shock by Vehumet.
 11212 | D:8      | Reached skill level 10 in Dodging
 11275 | D:8      | Noticed an oklob plant
 11709 | D:8      | Noticed an oklob plant
 12394 | D:9      | Found a staircase to the Lair.
 12403 | D:9      | HP: 1/63 [orc warrior/+0 long sword (21)]
 12408 | D:9      | Offered knowledge of Foxfire by Vehumet.
 12409 | D:9      | Reached ** piety under Vehumet
 12409 | D:9      | Reached skill level 11 in Ice Magic
 12836 | D:9      | Reached XP level 11. HP: 68/68 MP: 18/20
 12843 | D:9      | Reached skill level 12 in Ice Magic
 12890 | D:9      | Found an ancient bone altar of Kikubaaqudgha.
 12921 | D:9      | Noticed Prince Ribbit
 13117 | D:9      | HP: 1/68 [white imp/puff of frost (19)]
 13511 | D:10     | Entered Level 10 of the Dungeon
 13608 | D:10     | Offered knowledge of Dazzling Flash by Vehumet.
 13690 | D:10     | You fall into a shaft and drop 2 floors!
 13726 | D:11     | Reached skill level 13 in Ice Magic
 13941 | D:11     | Reached skill level 1 in Fighting
 14149 | D:10     | Reached *** piety under Vehumet
 14173 | D:10     | Killed an unseen horror
 14291 | D:10     | Reached skill level 5 in Fighting
 14336 | D:10     | Offered knowledge of Stone Arrow by Vehumet.
 14606 | D:10     | Found Yqawy's Jewellery Shop.
 14872 | D:10     | You fall into a shaft and drop 1 floor!
 15218 | D:11     | Noticed Psyche
 15228 | D:11     | Killed Psyche
 15322 | D:11     | Reached **** piety under Vehumet
 15323 | D:11     | Reached XP level 12. HP: 73/91 MP: 21/21
 15327 | D:11     | Offered knowledge of Mephitic Cloud by Vehumet.
 15474 | D:11     | Reached skill level 1 in Evocations
 15589 | D:11     | Found a staircase to the Orcish Mines.
 16102 | D:11     | Got a bone whip
 16103 | D:11     | Identified the +8 whip of Oily Optimality {vorpal, Str+2
                  | Int+4} (You found it on level 11 of the Dungeon)
 16424 | Lair:1   | Entered Level 1 of the Lair of Beasts
 16886 | Lair:1   | Reached skill level 5 in Evocations
 17223 | Lair:2   | Reached ***** piety under Vehumet
 17415 | Lair:2   | Found a dark tunnel.
 17423 | Lair:2   | Offered knowledge of Conjure Ball Lightning by Vehumet.
 17428 | Volcano  | Entered a volcano
 17546 | Volcano  | Learned a level 4 spell: Summon Ice Beast
 18400 | Lair:2   | Learned a level 4 spell: Hailstorm
 18614 | Lair:2   | Found a staircase to the Snake Pit.
 18630 | Lair:2   | Reached skill level 1 in Conjurations
 18791 | Lair:2   | Found a staircase to the Swamp.
 19190 | Lair:3   | Reached skill level 14 in Ice Magic
 20198 | Lair:4   | You fall into a shaft and drop 1 floor!
 21167 | Lair:4   | Reached skill level 1 in Summonings
 21185 | Lair:4   | Reached skill level 5 in Conjurations
 21185 | Lair:4   | Reached XP level 13. HP: 86/98 MP: 17/22
 21693 | D:10     | Bought the ring "Xitaf" {+Fly MR+ MP+9 Str+9} for 746 gold
                  | pieces
 22704 | Lair:5   | Reached skill level 5 in Summonings
 23278 | Lair:6   | Entered Level 6 of the Lair of Beasts
 23303 | Lair:6   | Found a viscous altar of Jiyva.
 23696 | Lair:6   | Noticed a minotaur
 23696 | Lair:6   | Noticed Bacru's ghost (journeyman TrBe)
 23709 | Lair:6   | Found a runed translucent gate.
 23709 | Lair:6   | Found a runed translucent gate.
 23709 | Lair:6   | Found a runed translucent gate.
 23799 | Lair:6   | Noticed a dire elephant
 23816 | Lair:6   | Killed a dire elephant
 23882 | Lair:6   | HP: 4/98 [komodo dragon (24)]
 24124 | Lair:6   | Paralysed by a hornet for 2 turns
 24843 | Lair:6   | Found a staircase to the Slime Pits.
 25520 | D:12     | Offered knowledge of Olgreb's Toxic Radiance by Vehumet.
 25678 | D:12     | Reached XP level 14. HP: 60/105 MP: 23/23
 25896 | D:12     | Identified the Incunabulum of Hexes
 26244 | D:12     | Found a runed translucent door.
 26244 | D:12     | Found a runed translucent door.
 26661 | D:13     | Reached skill level 10 in Shields
 27348 | D:14     | HP: 4/105 [redback zombie (2)]
 27487 | D:14     | Learned a level 7 spell: Spellforged Servitor
 27528 | D:14     | Found a shimmering blue altar of Sif Muna.
 28147 | D:14     | Noticed a sphinx
 28157 | D:14     | HP: 4/105 [wolf spider (shapeshifter) (13)]
 28162 | D:14     | Killed a sphinx
 28400 | D:14     | Offered knowledge of Lightning Bolt by Vehumet.
 28717 | D:14     | Found a gate to the Vaults.
 28806 | D:15     | Entered Level 15 of the Dungeon
 28884 | D:15     | Found a gate leading to a gauntlet.
 28920 | D:15     | Reached XP level 15. HP: 13/110 MP: 18/24
 28972 | Gauntlet | Entered a Gauntlet
 28972 | Gauntlet | Found a transporter.
 29072 | Gauntlet | Found a transporter.
 29074 | Gauntlet | Found a transporter.
 29076 | Gauntlet | Found a transporter.
 29077 | Gauntlet | Found a transporter.
 29078 | Gauntlet | Found a transporter.
 29087 | Gauntlet | Found a transporter.
 29093 | Gauntlet | Found a transporter.
 29106 | Gauntlet | Found a transporter.
 29114 | Gauntlet | Found a transporter.
 29114 | Gauntlet | Found a transporter.
 29119 | Gauntlet | Identified the ring "Peorududu" {Fire Str+4 SInv}
 29122 | Gauntlet | Found a transporter.
 29450 | Gauntlet | Slain by a spectral black mamba

Illustrated notes

Levels and vault maps discovered:
D:1:      minmay_arrival_up_and_down, layout_loops_ring
D:2:      layout_basic, zin_statuary, old_standard_altar, fedhas_altar_3
D:3:      layout_rooms, old_standard_altar
D:4:      layout_gridville, xom_confusion_cloud
D:5:      layout_basic, grunt_temple_overflow_holy_war,
          chequers_temple_overflow_statue_of_worship, lightli_sewer_entry_pipes
D:6:      layout_gridville, grunt_gozag_statues, nicolae_dithmenos_the_darkroom,
          nicolae_overflow_crystal_walls, serial_shops, kennysheep_little_box,
          hangedman_decor_lopped
D:7:      layout_gridville, minmay_temple_entry_wispy, okawaru_ov_weapons_minmay
D:8:      layout_basic, disabler_island
D:9:      layout_roguey, kennysheep_mini_moat, erik_lair_orcish_takeover,
          minmay_misc_feat_rows, uniq_prince_ribbit1
D:10:     layout_basic, serial_shops, nicolae_shop_trees,
          kennysheep_decorative_pillar
D:11:     layout_small_grid, erik_orc_3, unseen_surprise_small, uniq_psyche
D:12:     minmay_the_grid_triangle_9x9_rhombus_full
          [minmay_the_grid_triangle_9x9_alien,
          minmay_the_grid_triangle_9x9_longest,
          minmay_the_grid_triangle_9x9_tough_junction,
          minmay_the_grid_triangle_9x9_corrupted_corridor,
          minmay_the_grid_triangle_9x9_flanged_cone,
          minmay_the_grid_triangle_9x9_checkered,
          minmay_the_grid_triangle_9x9_semitri,
          minmay_the_grid_triangle_9x9_prize_special], layout_grid_maze
D:13:     layout_big_octagon
D:14:     cheibrodos_ideogram_h, layout_basic,
          lightli_vaults_fourway_checkpoint, moated_statue, basic_altar
D:15:     grunt_enter_depths_hoard, layout_cave_pools, serial_shops, shop,
          gauntlet_entry_generic, minmay_misc_feat_roman, minivault_4
Temple:   corrupted_temple
Lair:1:   layout_regular_city, minmay_stone_trees_large, grunt_megastairs_3,
          lemuel_fruit_fields
Lair:2:   layout_long_grid, nicolae_swamp_entry_splash_gauntlet,
          minmay_snake_entry_guardpost_small, nicolae_volcano_entry_lava_flow
Lair:3:   layout_chaotic_city, chequers_serial_rivers_micro_b
Lair:4:   cheibrodos_lair_overgrown_chateau, layout_hall_layers
Lair:5:   layout_cave_pods, minivault_19, serial_bayou_pond_c
Lair:6:   gammafunk_lair_ancient_temple, layout_cave_pods, slime_altar_1,
          maelrawn_ghost_gauntlet_escape, st_stairs_12, guppyfry_lair_drakes
Gauntlet: minmay_gauntlet_mixed_oops_all_seconds
          [minmay_gauntlet_arena_77_braids, nicolae_gauntlet_arena_blocks,
          minmay_gauntlet_arena_77_terracotta_army,
          nicolae_gauntlet_arena_quarters,
          minmay_gauntlet_arena_77_chump_sandwich,
          gammafunk_gauntlet_arena_split_x, gauntlet_exit_spiral]

Skill      XL: |  1  2  3  4  5  6  7  8  9 10 11 12 13 14 |
---------------+-------------------------------------------+-----
Ice Magic      | 5 6 7 9 10 11 13 14 | 14.0
Spellcasting   | 3 4 6 |  6.0
Shields        | 4 8 12 | 12.0
Dodging        | 6 11 | 11.0
Fighting       | 7 8 |  8.0
Evocations     | 6 |  6.0
Conjurations   | 5 9 |  9.8
Summonings     | 1 6 7 |  7.9
Stealth        | |  2.1

Action                   |  1- 3 |  4- 6 |  7- 9 | 10-12 | 13-15 || total
-------------------------+-------+-------+-------+-------+-------++-------
Melee: Whip              |    73 |       |       |   262 |   280 ||   615
       Dagger            |     3 |       |       |       |       ||     3
       Unarmed           |     1 |       |       |       |       ||     1
       Spear             |     4 |    83 |       |       |       ||    87
       Mace              |       |       |   352 |   489 |       ||   841
       Tailslap          |       |       |     8 |       |    10 ||    18
       Demon blade       |       |       |       |       |   300 ||   300
Throw: Dart              |       |    22 |    26 |    43 |    25 ||   116
       Boomerang         |       |       |       |     4 |       ||     4
 Cast: Freeze            |    39 |    32 |    10 |    17 |     6 ||   104
       Ozocubu's Armour  |     1 |     2 |     9 |    11 |     3 ||    26
       Frozen Ramparts   |       |       |     8 |    38 |    44 ||    90
       Summon Ice Beast  |       |       |       |    11 |    31 ||    42
       Hailstorm         |       |       |       |     5 |     5 ||    10
Evoke: Wand              |       |       |       |     3 |     7 ||    10
  Use: Scroll            |       |     6 |       |    14 |    11 ||    31
       Potion            |       |       |       |     4 |     8 ||    12
 Stab: Sleeping          |     2 |     2 |    20 |    17 |     6 ||    47
       Distracted        |       |       |       |     4 |     6 ||    10
Armor: Robe              |    20 |     8 |    38 |    19 |       ||    85
       Scale mail        |       |    19 |       |       |       ||    19
       Troll leather arm |       |       |       |    44 |    63 ||   107
Dodge: Dodged            |    76 |    48 |   110 |   502 |   394 ||  1130
Block: Other             |       |     4 |     1 |       |       ||     5
       Kite shield       |       |       |   210 |   733 |   319 ||  1262
       Reflection        |       |       |    10 |    30 |    44 ||    84
       Buckler           |       |       |       |    13 |   176 ||   189
       Rpst.: Demon blade |       |       |       |       |    43 ||    43

Table legend: (Time is in decaauts)
 A = Elapsed time spent in this place.
 B = Non-inter-level travel time spent in this place.
 C = Inter-level travel time spent in this place.
 D = Time resting spent in this place.
 E = Time spent auto-exploring this place.
 F = Levels seen in this place.
 G = Mean time per level.
                   A        B        C        D        E       F      G
               +--------+--------+--------+--------+--------+-----+--------+
         Total |  29790 |  28181 |   1609 |   6108 |  14570 |  25 | 1191.6 |
       Dungeon |  19808 |  18865 |    943 |   4024 |   9817 |  15 | 1320.5 |
        Temple |     80 |     69 |     11 |      0 |     51 |   1 |   80.0 |
          Lair |   8136 |   7483 |    653 |   1346 |   4280 |   6 | 1356.0 |
         Sewer |    637 |    637 |      0 |     59 |    270 |   1 |  637.0 |
       Volcano |    646 |    646 |      0 |    588 |      0 |   1 |  646.0 |
      Gauntlet |    480 |    480 |      0 |     91 |    152 |   1 |  480.0 |
               +--------+--------+--------+--------+--------+-----+--------+

Top non-repeatable levels by time:
     D:5: 2070 daAuts
  Lair:4: 2018 daAuts
     D:3: 1926 daAuts
  Lair:6: 1920 daAuts
    D:11: 1790 daAuts
     D:4: 1709 daAuts
    D:14: 1575 daAuts
     D:9: 1520 daAuts
  Lair:5: 1369 daAuts
     D:7: 1350 daAuts
    D:10: 1314 daAuts
    D:12: 1227 daAuts
     D:6: 1212 daAuts
     D:8: 1181 daAuts
  Lair:2: 1154 daAuts
